 Dungeon Crawl Stone Soup version 0.30-a0-782-ge64f9170bb (webtiles) character file.

Game seed: 2671849701512131586

2 senseless the Sneak (level 1, -2/16 HPs)
             Began as an Octopode Delver on Feb 24, 2023.
             Slain by a water moccasin (9 damage)
             ... on level 4 of the Dungeon.
             The game lasted 00:00:55 (237 turns).

senseless the Sneak (Octopode Delver)                Turns: 237, Time: 00:00:56

Health: -2/16      AC:  1    Str: 11    XL:     1   Next: 40%
Magic:  1/1        EV: 13    Int: 12    God:
Gold:   12         SH:  0    Dex: 13    Spells: 0/0 levels left

rFire   . . .      SeeInvis .    a - +0 falchion
rCold   . . .      Faith    .    (no shield)
rNeg    . . .      Spirit   .    (helmet restricted)
rPois   .          Reflect  .    (no amulet)
rElec   .          Harm     .    (no ring)
rCorr   .          Rampage  .    (no ring)
Will    .....                    (no ring)
Stlth   ++++                     (no ring)
HPRegen 0.22/turn                (no ring)
MPRegen 0.07/turn                (no ring)
                                 (no ring)
                                 (no ring)

@: lethally poisoned (-2 -> -7)
A: almost no armour, amphibious, 8 rings, camouflage 1, gelatinous body 1,
(nimble swimmer 1), tentacles
a: no special abilities


You were on level 4 of the Dungeon.
You visited 1 branch of the dungeon, and saw 3 of its levels.

You collected 12 gold pieces.

Inventory:

Hand Weapons
 a - a +0 falchion (weapon)
Wands
 f - a wand of digging (3)
Scrolls
 b - a scroll of fog
 d - a scroll of fear
 g - a scroll of noise {unknown}
 h - 2 scrolls of teleportation {unknown}
Potions
 c - a potion of curing {unknown}
 e - a potion of haste


   Skills:
 + Level 3.0 Fighting
 + Level 2.0 Long Blades
 + Level 2.0 Dodging
 + Level 6.6 Stealth


You couldn't memorise any spells.
You didn't know any spells.
Your spell library was empty.

Dungeon Overview and Level Annotations

Branches:
Dungeon (6/15)
 Temple: D:4-7

Altars:
Zin


Innate Abilities, Weirdness & Mutations

You cannot wear most types of armour.
You are amphibious.
You can wear up to eight rings at the same time.
Your skin changes colour to match your surroundings (Stealth+).
Your rubbery body absorbs attacks. (AC +1, EV +1)
((You are camouflaged when in or above water. (Stealth+)))
You have tentacles for arms and can constrict up to eight enemies at once.


Message History

There is a stone staircase leading down here.
Found a quarterstaff.
Found a leather armour.
c - a ruby potion A hound comes into view.
You see here a +0 quarterstaff.
g - a scroll labelled UTIUGRI NUATOA A dart slug comes into view.
The helpless dart slug fails to defend itself.
You slash the dart slug!
You kill the dart slug!
h - a scroll labelled WYISTRU SELETHY
h - 2 scrolls labelled WYISTRU SELETHY (gained 1)
You open the door.
Found a stone staircase leading up.
Found 12 gold pieces.
There is an open door here.
A centaur comes into view.
There is a stone staircase leading up here.
You climb upwards.
You hear the hiss of flowing sand.
There is an entrance to an ossuary on this level.
Hurry and find it before the portal is buried!
There is a stone staircase leading down here.
The helpless water moccasin fails to defend itself.
You hit the water moccasin. You grab the water moccasin.
The water moccasin is lightly wounded.
You constrict the water moccasin, but do no damage.
The water moccasin bites you.
You are poisoned.
The water moccasin poisons you! The water moccasin closely misses you.
You hit the water moccasin.
The water moccasin is moderately wounded.
You constrict the water moccasin.
You feel very sick. The water moccasin barely misses you.
The water moccasin closely misses you.
You slash the water moccasin! You squeeze the water moccasin!
The water moccasin is almost dead.
You constrict the water moccasin.
You feel sick. The water moccasin bites you!
Ouch! That really hurt!
You die...

## ..# #.#
#.# #.####
#####....#
#........#
###.....@S.#
.......>...#
.######.####
#.# #.# #.#
#.# #.# #.#


You could see a water moccasin.

Vanquished Creatures
  A dart slug (D:5)
1 creature vanquished.

Notes
Turn   | Place    | Note
-------+----------+-------------------------------------------
     0 | D:5      | senseless the Octopode Delver began the quest for the Orb.
     0 | D:5      | Reached XP level 1. HP: 16/16 MP: 1/1
     5 | D:6      | Noticed a necrophage
    10 | D:6      | Found a glowing silver altar of Zin.
    39 | D:5      | Noticed a hound
   230 | D:5      | Noticed a centaur
   233 | D:4      | Noticed a water moccasin
   237 | D:4      | Slain by a water moccasin

Illustrated notes

Levels and vault maps discovered:
D:4:      layout_basic, lemuel_crystal_altar,
          mainiacjoe_overflow_concentric_impassable, kennysheep_little_box,
          nicolae_ossuary_entry_catacombs, serial_bayou, serial_bayou_shore_b,
          serial_bayou_pond_d, serial_bayou_pond_e, serial_bayou_crossing,
          reono_crystal_passage
D:5:      layout_basic, minmay_temple_entry_antechambers
D:6:      layout_basic, grunt_gozag_statues, mainiacjoe_overflow_catwalk

Action                     || total
---------------------------++-------
  Melee: Falchion          ||     4
         Constrict         ||     1
         Tentacles         ||     1
    Use: Scroll            ||     1
   Stab: Sleeping          ||     2
  Dodge: Dodged            ||     3

Table legend: (Time is in decaauts)
 A = Elapsed time spent in this place.
 B = Non-inter-level travel time spent in this place.
 C = Inter-level travel time spent in this place.
 D = Time resting spent in this place.
 E = Time spent auto-exploring this place.
 F = Levels seen in this place.
 G = Mean time per level.
                   A        B        C        D        E       F      G
               +--------+--------+--------+--------+--------+-----+--------+
         Total |    237 |    237 |      0 |      0 |    171 |   3 |   79.0 |
       Dungeon |    237 |    237 |      0 |      0 |    171 |   3 |   79.0 |
               +--------+--------+--------+--------+--------+-----+--------+

Top non-repeatable levels by time:
     D:5: 211 daAuts
     D:6: 21 daAuts
     D:4: 4 daAuts
